 Dungeon Crawl Stone Soup version 0.29-a0-870-g2c972031a6 (webtiles) character file.

Game seed: 15117579379241554561

151080 doricub5 the Warrior (level 16, -9/163 HPs)
             Began as a Minotaur Fighter on July 17, 2022.
             Was the Champion of Okawaru.
             Killed from afar by a deep elf zephyrmancer (16 damage)
             ... with a bolt of lightning
             ... on level 1 of the Elven Halls.
             The game lasted 03:14:02 (28240 turns).

doricub5 the Warrior (Minotaur Fighter)            Turns: 28240, Time: 03:14:03

Health: -9/163     AC: 43    Str: 25    XL:     16   Next: 70%
Magic:  14/24      EV:  4    Int:  7    God:    Okawaru [******]
Gold:   1609       SH: 23    Dex: 28    Spells: 15/15 levels left

rFire   + . .      SeeInvis .   E - +6 demon trident "Embalmer" {elec, Drain rF+ Dex+6 Stlth+}
rCold   . . .      Faith    +   v - +0 tower shield
rNeg    . . .      Spirit   .   Z - +14 crystal plate armour "Zobb" {Rampage Dex+5}
rPois   .          Reflect  .   (helmet restricted)
rElec   .          Harm     .   s - +0 cloak {Stlth+}
rCorr   .          Rampage  +   I - +0 pair of gloves {infuse}
Will    +++..                   B - +1 pair of boots
Stlth   ..........              q - amulet of faith
HPRegen 0.37/turn               J - ring "Adeu" {Dex+5 Slay+4}
MPRegen 0.19/turn               o - ring of willpower

@: studying 2 skills, unable to read
A: horns 2, retaliatory headbutt, strong-willed 1, inability to read while
threatened 1, MP-powered wands
}: 1/15 runes: decaying
a: Renounce Religion, Heroism, Finesse, Duel


You were on level 1 of the Elven Halls.
You worshipped Okawaru.
Okawaru was exalted by your worship.
You visited 5 branches of the dungeon, and saw 24 of its levels.

You collected 2419 gold pieces.
You spent 810 gold pieces at shops.

Inventory:

Hand Weapons
 A - the +7 spear of Conscience {pain, rC+ rN+ rCorr Str-4}
   (You found it on level 12 of the Dungeon)

   In the hands of one skilled in necromantic magic, it inflicts extra damage on
   living creatures.
   Str:       It affects your strength (-4).
   rC:        It protects you from cold.
   rN:        It protects you from negative energy.
   rCorr:     It protects you from acid and corrosion.
 E - the +6 demon trident "Embalmer" (weapon) {elec, Drain rF+ Dex+6 Stlth+}
   (You acquired it on level 11 of the Dungeon)

   It occasionally discharges a powerful burst of electricity upon striking a
   foe.
   Dex:       It affects your dexterity (+6).
   rF:        It protects you from fire.
   Drain:     It drains your maximum health when unequipped.
   Stlth:     It makes you more stealthy.
 U - the +8 Wrath of Trog {antimagic, *Rage Rampage}
   (You found it on level 5 of the Lair of Beasts)

   It reduces the magical energy of the wielder, and disrupts the spells and
   magical abilities of those it strikes.
   Natural abilities and divine invocations are not affected.
   It causes slowness and exhaustion when equipped.
   It extends the wielder's berserk rage when killing foes.
   *Rage:     It berserks you when you make melee attacks (+50% chance).
   Rampage:   It bestows one free step when moving towards enemies.
 X - the +8 short sword of Hiachoh {flame, rPois rN+ Str+2 Dex+2}
   (You found it on level 5 of the Lair of Beasts)

   It burns those it strikes, dealing additional fire damage.
   Str:       It affects your strength (+2).
   Dex:       It affects your dexterity (+2).
   rPois:     It protects you from poison.
   rN:        It protects you from negative energy.
Missiles
 t - 12 javelins (quivered)
 H - 2 boomerangs of dispersal
Armour
 j - the +1 kite shield "Teashrusm" {rC+}
   (Okawaru gifted it to you on level 12 of the Dungeon)

   rC:        It protects you from cold.
 s - a +0 cloak of stealth (worn)
 v - a +0 tower shield (worn)
 B - a +1 pair of boots (worn)
 I - a +0 pair of gloves of infusion (worn)
 Z - the +14 crystal plate armour "Zobb" (worn) {Rampage Dex+5}
   (Okawaru gifted it to you on level 4 of the Lair of Beasts)

   Dex:       It affects your dexterity (+5).
   Rampage:   It bestows one free step when moving towards enemies.
Jewellery
 a - a ring of resist corrosion
 n - an amulet of regeneration
 o - a ring of willpower (right hand)
 q - an amulet of faith (around neck)
 C - a +4 ring of protection
 J - the ring "Adeu" (left hand) {Dex+5 Slay+4}
   (You bought it in a shop on level 2 of the Orcish Mines)

   [ring of slaying]

   Dex:       It affects your dexterity (+5).
   Slay:      It affects your accuracy & damage with ranged weapons and melee
   (+4).
 W - a ring of positive energy
Wands
 f - a wand of flame (20)
 l - a wand of iceblast (3)
 y - a wand of acid (19)
 z - a wand of mindburst (20)
 D - a wand of polymorph (19)
 Q - a wand of digging (6)
Scrolls
 b - a scroll of enchant armour
 c - a scroll of identify
 e - a scroll of fear
 r - 3 scrolls of teleportation
 x - 4 scrolls of magic mapping
 G - a scroll of enchant weapon
 K - a scroll of silence
 N - 2 scrolls of fog
 S - a scroll of brand weapon
Potions
 d - 4 potions of might
 h - a potion of cancellation
 i - 3 potions of berserk rage
 k - 5 potions of mutation
 m - a potion of ambrosia
 u - 3 potions of invisibility
 w - 3 potions of haste
 M - 3 potions of flight
 T - a potion of resistance
Miscellaneous
 g - a lightning rod (4/4)
 F - a condenser vane


   Skills:
 * Level 20.3 Fighting
 - Level 2.4(9.7) Axes
 - Level 14.4(14.5) Polearms
 * Level 9.4 Throwing
 + Level 14.6 Armour
 + Level 15.2 Shields
 - Level 12.0 Invocations
 * Level 6.7 Evocations


You had 15 spell levels left.
You didn't know any spells.
Your spell library contained the following spells:

 Spells                   Type           Power      Damage    Failure   Level
 Apportation              Tloc           0%         N/A       100%        1
 Freeze                   Ice            0%         1d3       100%        1
 Magic Dart               Conj           0%         1d3       100%        1
 Sandblast                Erth           0%         2d4       100%        1
 Blink                    Tloc           0%         N/A       100%        2
 Ensorcelled Hibernation  Hex/Ice        0%         N/A       100%        2
 Confusing Touch          Hex            0%         N/A       100%        3
 Frozen Ramparts          Ice            0%         1d2       100%        3
 Ignite Poison            Fire/Tmut/Pois 0%         N/A       100%        3
 Mephitic Cloud           Conj/Pois/Air  0%         N/A       100%        3
 Spider Form              Tmut/Pois      0%         N/A       100%        3
 Airstrike                Air            0%         0-1+      100%        4
 Anguish                  Hex/Necr       0%         N/A       100%        4
 Fulminant Prism          Conj/Hex       0%         3d6       100%        4
 Hailstorm                Conj/Ice       0%         3d3       100%        4
 Olgreb's Toxic Radiance  Pois           0%         N/A       100%        4
 Petrify                  Tmut/Erth      0%         N/A       100%        4
 Alistair's Intoxication  Tmut/Pois      0%         N/A       100%        5
 Freezing Cloud           Conj/Ice/Air   0%         6-21      100%        5
 Lightning Bolt           Conj/Air       0%         1d11      100%        5
 Manifold Assault         Tloc           0%         N/A       100%        5
 Yara's Violent Unravell  Hex/Tmut       0%         3d3       100%        5
 Enfeeble                 Hex            0%         N/A       100%        7
 Ozocubu's Refrigeration  Ice            0%         4d5       100%        7
 Storm Form               Tmut/Air       0%         N/A       100%        7
 Discord                  Hex            0%         N/A       100%        8
 Ignition                 Fire           0%         3d3       100%        8
 Chain Lightning          Conj/Air       0%         N/A       100%        9
 Fire Storm               Conj/Fire      0%         5d1       100%        9
 Shatter                  Erth           0%         3d5*      100%        9
 Call Imp                 Summ           Unusable   N/A       N/A         2
 Summon Lightning Spire   Summ/Air       Unusable   N/A       N/A         4

Dungeon Overview and Level Annotations

Branches:
Dungeon (12/15)            Temple (0/1) D:5            Lair (5/5) D:9
  Swamp (4/4) Lair:2        Snake (0/4) Lair:3        Slime (0/5) Lair:5
    Orc (2/2) D:12            Elf (1/3) Orc:2

Altars:
Ashenzari
Cheibriados
Elyvilon
Fedhas
Kikubaaqudgha
Nemelex Xobeh
Okawaru
Sif Muna
Wu Jian
Xom
Jiyva

Shops:
D:6 *   D:12 *   Orc:2 *:([*

Annotations:
Lair:5 1 runed translucent door
Swamp:2 2 transporters, MisterPants's ghost, journeyman MiGl


Innate Abilities, Weirdness & Mutations

You have a pair of horns on your head.
You reflexively headbutt those who attack you in melee.
You are strong-willed. (Will+)
You occasionally lose the ability to read scrolls when taking damage.
You expend magic power (3 MP) to strengthen your wands.


Message History

The sphere of damnation explodes!
The damnation engulfs you!!!
You hear a shout! x4
The deep elf sorcerer casts a spell.
The deep elf sorcerer seems to speed up.
Things that are here:
a +0 long sword; a +0 leather armour; an elf corpse The deep elf zephyrmancer points at you and mumbles some strange words.
The bolt of lightning hits you!
You are too injured to fight recklessly!
Reach: E) +6 demon trident "Embalmer" {elec, Drain rF+ Dex+6 Stlth+}
Press: ? - help, Dir - move target, f - deep elf sorcerer
Aim: a deep elf sorcerer, wielding a +0 rapier and wearing a +0 leather armour (fast, about 25% to evade the +6 demon trident "Embalmer")
You reach to attack!
You impale the deep elf sorcerer!!
Lightning courses through the deep elf sorcerer!
The deep elf sorcerer is severely wounded.
You hear a shout!
Reach: E) +6 demon trident "Embalmer" {elec, Drain rF+ Dex+6 Stlth+}
Press: ? - help, Dir - move target, f/p - deep elf sorcerer
Aim: a deep elf sorcerer, wielding a +0 rapier and wearing a +0 leather armour (severely wounded, fast, about 25% to evade the +6 demon trident "Embalmer")
You reach to attack!
You impale the deep elf sorcerer!!
You kill the deep elf sorcerer!
Okawaru accepts your kill.
Found a scroll of identify.
The deep elf zephyrmancer points at you and mumbles some strange words.
The bolt of lightning hits you!
You hear a shout!
Your hands slow down.
The deep elf zephyrmancer gestures wildly while chanting.
The deep elf zephyrmancer blinks!
The deep elf zephyrmancer casts a spell at you.
The bolt of lightning hits you!!
* * * LOW HITPOINT WARNING * * *
The bolt of lightning hits you!!
You feel threatened and lose the ability to read scrolls!
* * * LOW HITPOINT WARNING * * *
Things that are here:
a +0 shortbow; a +0 dagger; a +0 leather armour The deep elf zephyrmancer points at you and mumbles some strange words.
The bolt of lightning hits you!
You die...

#.........## ###
##.......## #+#.###
###..e### ###.....##+
#.8.# #.........#
##.#.#
#.........###..#.######
#........))))..)).....+
#.........######.###.##
#.........# #@# .##
##'.....### #..##..#
#.###.....# ##.....#
'## #####.# #.....# ##
#.# #.!⌠..# ## #..#
#.....# .# ##.#
##.....## . ##
#.########'########.. #
#......#.....#......#


You could see a deep elf zephyrmancer.

Vanquished Creatures
  A fenstrider witch (Swamp:1)
  2 thorn hunters
  Donald (Swamp:2)
  Kirke (Lair:5)
  A deep elf sorcerer (Elf:1)
  2 ghouls (Swamp:3)
  3 eleionomae
  4 bunyips
  An ettin (Orc:1)
  A centaur warrior (D:9)
  19 hydras
  A catoblepas (Lair:5)
  A ghost crab (Arena)
  3 two-headed ogres
  A death knight (D:12)
  7 alligators
  5 death yaks (Lair:5)
  5 dancing weapons (Elf:1)
  8 orc high priests (Orc:2)
  Nergalle (Lair:1)
  2 deep elf knights (Elf:1)
  9 skeletal warriors
  A goliath frog (Swamp:3)
  4 spriggan druids
  11 swamp dragons
  4 bog bodies
  4 deep elf archers (Elf:1)
  3 lindwurms (Swamp:4)
  9 orc knights
  5 deep elf pyromancers
  6 cyclopes
  7 deep elf zephyrmancers
  3 slime creatures (D:12)
  3 manticores
  4 orc sorcerers
  4 will-o-the-wisps
  6 black mambas
  A black mamba (shapeshifter) (D:12)
  5 torpor snails
  9 cane toads
  Maggie (D:7)
  10 komodo dragons
  5 rime drakes
  5 yaktaurs (D:11)
  2 ice devils (Lair:3)
  14 hornets
  2 trolls (Orc:2)
  4 polar bears
  A bloated husk (Swamp:3)
  6 tyrant leeches
  27 blink frogs
  5 dream sheep
  2 water elementals (Elf:1)
  An air elemental (Elf:1)
  71 yaks
  21 spriggans
  2 wraiths
  A shadow (D:11)
  A vampire (D:11)
  6 wyverns
  3 hogs
  8 vampire mosquitoes
  3 humans (Lair:5)
  2 basilisks
  A steam dragon (D:9)
  A naga (Lair:3)
  2 wargs (Orc:2)
  16 swamp worms
  An acid dragon (D:9)
  Duvessa (D:6)
  17 water moccasins
  2 sky beasts (D:7)
  5 swamp drakes
  40 orc warriors
  13 black bears
  7 centaurs
  3 boggarts (Lair:5)
  11 ogres
  27 wolves (Lair:5)
  2 kobold brigands
  A phantom (D:6)
  Blork the orc (D:5)
  3 necrophages
  4 gnoll sergeants
  3 scorpions
  11 bullfrogs
  5 wights (D:10)
  Dowan (D:6)
  11 killer bees
  3 howler monkeys (D:7)
  3 jellies
  42 orc priests
  A gnoll bouda (D:7)
  2 hounds
  2 iguanas
  12 orc wizards
  9 adders
  17 gnolls
  A white imp (D:5)
  2 ufetubi
  2 dart slugs
  81 orcs
  5 ball pythons
  12 endoplasms
  2 giant cockroaches
  7 hobgoblins
  11 jackals
  12 kobolds
  4 quokkas
  3 bats
  8 frilled lizards
  5 goblins
  4 rats
810 creatures vanquished.

Vanquished Creatures (others)
  2 bloated husks
  An orc (Orc:2)
  18 foxfires
  86 fungi
  126 plants
233 creatures vanquished.

Grand Total: 1043 creatures vanquished

Notes
Turn   | Place    | Note
-------+----------+-------------------------------------------
     0 | D:1      | doricub5 the Minotaur Fighter began the quest for the Orb.
     0 | D:1      | Reached XP level 1. HP: 19/19 MP: 0/0
   187 | D:1      | Found a faded altar of an unknown god.
   219 | D:1      | Reached skill level 4 in Fighting
   230 | D:1      | Reached XP level 2. HP: 23/27 MP: 1/1
  1024 | D:2      | Reached XP level 3. HP: 31/34 MP: 2/2
  1124 | D:2      | Reached skill level 5 in Fighting
  1317 | D:2      | Found an iron altar of Okawaru.
  1324 | D:2      | Became a worshipper of Warmaster Okawaru
  1599 | D:2      | Reached XP level 4. HP: 41/42 MP: 3/3
  2203 | D:3      | Reached skill level 1 in Invocations
  2293 | D:3      | Reached XP level 5. HP: 50/50 MP: 4/4
  2638 | D:4      | Reached * piety under Okawaru
  2639 | D:4      | Reached skill level 6 in Fighting
  2639 | D:4      | Reached skill level 5 in Armour
  2676 | D:4      | Identified the +5 trident of Orraq {vorpal, Fragile Int-4
                  | Dex+8 SInv}
  2745 | D:4      | Reached skill level 1 in Polearms
  2814 | D:4      | Reached XP level 6. HP: 58/58 MP: 5/5
  3286 | D:5      | Entered Level 5 of the Dungeon
  3286 | D:5      | Noticed Blork the orc
  3292 | D:5      | Killed Blork the orc
  3632 | D:5      | Reached ** piety under Okawaru
  3633 | D:5      | Reached skill level 7 in Fighting
  3633 | D:5      | Reached XP level 7. HP: 64/66 MP: 6/6
  3681 | D:5      | You fall into a shaft and drop 3 floors!
  3836 | D:6      | Reached skill level 5 in Shields
  3928 | D:6      | Reached *** piety under Okawaru
  3973 | D:5      | Found a staircase to the Ecumenical Temple.
  4063 | D:5      | Reached skill level 8 in Fighting
  4063 | D:5      | Reached XP level 8. HP: 58/74 MP: 8/8
  4334 | D:5      | Reached skill level 5 in Polearms
  4606 | D:6      | Noticed Duvessa
  4606 | D:6      | Noticed Dowan
  4612 | D:6      | Killed Dowan
  4620 | D:6      | Killed Duvessa
  4625 | D:6      | Reached **** piety under Okawaru
  4989 | D:6      | Found Byxzoqod's Assorted Antiques.
  5016 | D:6      | Bought a glowing cloak for 187 gold pieces
  5016 | D:6      | Bought a scroll of identify for 50 gold pieces
  5037 | D:6      | Found an ornate altar of the Wu Jian Council.
  5148 | D:6      | Found a broken altar of Ashenzari.
  5226 | D:6      | Reached skill level 9 in Fighting
  5298 | D:6      | Found a shimmering blue altar of Sif Muna.
  5629 | D:7      | Reached XP level 9. HP: 72/83 MP: 10/10
  5876 | D:7      | Reached ***** piety under Okawaru
  6055 | D:7      | Found a white marble altar of Elyvilon.
  6075 | D:7      | Found a blossoming altar of Fedhas.
  6080 | D:7      | Noticed Maggie
  6092 | D:7      | Killed Maggie
  6113 | D:7      | Reached skill level 10 in Fighting
  6273 | D:7      | Identified the +0 ring mail of Depression {Harm +Blink rN++
                  | SInv} (Okawaru gifted it to you on level 7 of the Dungeon)
  6273 | D:7      | Received a gift from Okawaru
  6289 | D:7      | Found a shimmering altar of Xom.
  7087 | D:9      | Reached XP level 10. HP: 74/94 MP: 12/12
  7335 | D:9      | Noticed a centaur warrior
  7340 | D:9      | Reached skill level 11 in Fighting
  7349 | D:9      | Killed a centaur warrior
  7350 | D:9      | Reached skill level 5 in Invocations
  7432 | D:9      | Identified the +9 glaive of a treasure trove {speed, Int+2}
                  | (Okawaru gifted it to you on level 9 of the Dungeon)
  7432 | D:9      | Received a gift from Okawaru
  7546 | D:9      | Found a staircase to the Lair.
  7596 | D:9      | Found a sparkling altar of Nemelex Xobeh.
  7865 | D:9      | Reached skill level 10 in Polearms
  7918 | D:9      | Found an ancient bone altar of Kikubaaqudgha.
  8313 | Lair:1   | Entered Level 1 of the Lair of Beasts
  8336 | Lair:1   | Reached skill level 12 in Fighting
  8511 | Lair:1   | Reached XP level 11. HP: 99/104 MP: 14/14
  8519 | Lair:1   | Reached ****** piety under Okawaru
  8559 | Lair:1   | You fall into a shaft and drop 1 floor!
  8561 | Lair:2   | Found a staircase to the Swamp.
  8562 | Lair:2   | Noticed a swamp dragon
  8586 | Lair:2   | Killed a swamp dragon
  8586 | Lair:2   | Received a gift from Okawaru
  8809 | Lair:1   | Noticed Nergalle
  8833 | Lair:1   | Killed Nergalle
  9762 | Lair:1   | Identified the +6 rapier of Lenguwn {spect, rPois rC- Int-3
                  | SInv}
 10306 | Lair:2   | Reached skill level 13 in Fighting
 10314 | Lair:2   | Identified the +1 chain mail of Wetal {Harm Str-4 Int+6}
                  | (Okawaru gifted it to you on level 2 of the Lair of Beasts)
 10314 | Lair:2   | Received a gift from Okawaru
 10831 | Lair:2   | Found a snail-covered altar of Cheibriados.
 11027 | Lair:2   | Reached XP level 12. HP: 95/115 MP: 16/16
 11359 | Lair:2   | Reached skill level 10 in Shields
 11605 | Lair:3   | Received a gift from Okawaru
 11620 | Lair:3   | Reached skill level 14 in Fighting
 11714 | Lair:3   | Reached skill level 10 in Armour
 11885 | Lair:3   | Reached skill level 1 in Throwing
 12016 | Lair:3   | Identified the +8 halberd of Exzeituw {drain, Int+4}
                  | (Okawaru gifted it to you on level 3 of the Lair of Beasts)
 12016 | Lair:3   | Received a gift from Okawaru
 12485 | Lair:3   | Found a staircase to the Snake Pit.
 13470 | Lair:4   | Identified the +14 crystal plate armour "Zobb" {Rampage
                  | Dex+5} (Okawaru gifted it to you on level 4 of the Lair of
                  | Beasts)
 13470 | Lair:4   | Received a gift from Okawaru
 13868 | Lair:4   | Identified the +1 helmet "Zifemm" {rPois rCorr}
 14022 | Lair:4   | Noticed a six-headed hydra
 14028 | Lair:4   | Killed a six-headed hydra
 14029 | Lair:4   | Reached skill level 15 in Fighting
 14029 | Lair:4   | Gained mutation: You have supernaturally acute eyesight.
                  | (SInv) [potion of mutation]
 14029 | Lair:4   | Gained mutation: You are partially covered in large bone
                  | plates. (SH +4) [potion of mutation]
 14118 | Lair:4   | Reached XP level 13. HP: 88/126 MP: 18/18
 14381 | Lair:4   | Identified the +1 sling of the Rotten God {speed, rCorr}
 14578 | Lair:5   | Entered Level 5 of the Lair of Beasts
 14856 | Lair:5   | Noticed Kirke
 15047 | Lair:5   | Found a runed translucent door.
 15047 | Lair:5   | Found a viscous altar of Jiyva.
 15047 | Lair:5   | Noticed an acid blob
 15048 | Lair:5   | Found a staircase to the Slime Pits.
 15048 | Lair:5   | Noticed an acid blob
 15048 | Lair:5   | Noticed an acid blob
 15048 | Lair:5   | Noticed an acid blob
 15099 | Lair:5   | Received a gift from Okawaru
 15218 | Lair:5   | Killed Kirke
 15231 | Lair:5   | Received a gift from Okawaru
 15231 | Lair:5   | Found the +8 orange crystal plate armour {Archmagi, Int+3
                  | Clar}
 15388 | Lair:5   | Reached skill level 16 in Fighting
 15494 | Lair:5   | Reached skill level 5 in Throwing
 15707 | Lair:5   | Received a gift from Okawaru
 15792 | Lair:5   | Found the +8 Wrath of Trog {antimagic, *Rage Rampage}
 15860 | Lair:5   | Identified the +8 short sword of Hiachoh {flame, rPois rN+
                  | Str+2 Dex+2}
 16060 | Lair:5   | Reached XP level 14. HP: 138/138 MP: 20/20
 16619 | D:10     | Entered Level 10 of the Dungeon
 16668 | D:10     | Reached skill level 1 in Evocations
 16776 | D:10     | Reached skill level 17 in Fighting
 17513 | D:11     | Identified 2 scrolls of acquirement
 17514 | D:11     | Acquired the +6 demon trident "Embalmer" {elec, Drain rF+
                  | Dex+6 Stlth+}
 17526 | D:10     | Acquired a manual of Shields
 17551 | D:11     | Received a gift from Okawaru
 17702 | D:11     | Reached skill level 10 in Invocations
 18270 | D:12     | Found Mezxyxto's General Store.
 18302 | D:12     | Identified the +1 kite shield "Teashrusm" {rC+} (Okawaru
                  | gifted it to you on level 12 of the Dungeon)
 18302 | D:12     | Received a gift from Okawaru
 18313 | D:12     | Bought a potion of invisibility for 120 gold pieces
 18313 | D:12     | Bought a scroll of identify for 30 gold pieces
 18313 | D:12     | Bought a potion of heal wounds for 75 gold pieces
 18313 | D:12     | Lost mutation: You are partially covered in large bone
                  | plates. (SH +4) [potion of mutation]
 18313 | D:12     | Lost mutation: You have supernaturally acute eyesight.
                  | (SInv) [potion of mutation]
 18313 | D:12     | Gained mutation: Your natural rate of healing is unusually
                  | fast. [potion of mutation]
 18313 | D:12     | Gained mutation: Armour fits poorly on your strangely
                  | shaped body. [potion of mutation]
 18313 | D:12     | Gained mutation: Your muscles are strong. (Str +4, Int/Dex
                  | -1) [potion of mutation]
 18314 | D:12     | Lost mutation: Your muscles are strong. (Str +4, Int/Dex
                  | -1) [potion of mutation]
 18314 | D:12     | Lost mutation: Armour fits poorly on your strangely shaped
                  | body. [potion of mutation]
 18314 | D:12     | Lost mutation: Your natural rate of healing is unusually
                  | fast. [potion of mutation]
 18314 | D:12     | Gained mutation: You occasionally lose the ability to read
                  | scrolls when taking damage. [potion of mutation]
 18314 | D:12     | Gained mutation: You expend magic power (3 MP) to
                  | strengthen your wands. [potion of mutation]
 18314 | D:12     | Gained mutation: You are strong-willed. (Will+) [potion of
                  | mutation]
 18589 | D:12     | Found a staircase to the Orcish Mines.
 18782 | D:12     | Identified the +7 spear of Conscience {pain, rC+ rN+ rCorr
                  | Str-4}
 18914 | Orc:1    | Entered Level 1 of the Orcish Mines
 19338 | Orc:2    | Entered Level 2 of the Orcish Mines
 19565 | Orc:2    | Found a staircase to the Elven Halls.
 19682 | Orc:2    | Found Uzxutip's Assorted Antiques.
 19690 | Orc:2    | Bought a scroll of identify for 58 gold pieces
 19690 | Orc:2    | Bought a potion of heal wounds for 145 gold pieces
 19690 | Orc:2    | Bought a brightly glowing amber ring for 145 gold pieces
 19690 | Orc:2    | Identified the ring "Adeu" {Dex+5 Slay+4} (You bought it in
                  | a shop on level 2 of the Orcish Mines)
 19901 | Orc:2    | Received a gift from Okawaru
 19919 | Orc:2    | Reached skill level 18 in Fighting
 19938 | Orc:2    | Reached XP level 15. HP: 130/149 MP: 22/22
 20825 | Orc:2    | Found Ushruk's Armour Shoppe.
 20825 | Orc:2    | Found Zuesef's Assorted Antiques.
 20826 | Orc:2    | Found Bizuoc's Antique Weapon Shoppe.
 20826 | Orc:2    | Found Wodwuar's Book Emporium.
 21556 | Swamp:1  | Entered Level 1 of the Swamp
 21566 | Swamp:1  | Received a gift from Okawaru
 21620 | Swamp:1  | Received a gift from Okawaru
 21685 | Swamp:1  | Received a gift from Okawaru
 21759 | Swamp:1  | Noticed a thorn hunter
 21768 | Swamp:1  | Killed a thorn hunter
 21773 | Swamp:1  | Noticed a fenstrider witch
 21792 | Swamp:1  | Killed a fenstrider witch
 22595 | Swamp:2  | Noticed Donald
 22600 | Swamp:2  | Killed Donald
 22788 | Swamp:2  | Noticed MisterPants's ghost (journeyman MiGl)
 22798 | Swamp:2  | Found a transporter.
 22798 | Swamp:2  | Found a transporter.
 22803 | Swamp:2  | Noticed a thorn hunter
 22808 | Swamp:2  | Noticed a thorn hunter
 22900 | Swamp:2  | Got the Guidebook on Fey Silt
 23252 | Swamp:3  | Identified the +0 pair of boots "Deel" {Harm rPois rC+++
                  | Int-4} (Okawaru gifted it to you on level 3 of the Swamp)
 23252 | Swamp:3  | Received a gift from Okawaru
 23322 | Swamp:3  | Reached skill level 19 in Fighting
 23326 | Swamp:3  | Reached skill level 5 in Evocations
 23898 | Swamp:3  | Reached XP level 16. HP: 160/160 MP: 24/24
 24101 | Swamp:4  | Entered Level 4 of the Swamp
 24227 | Arena    | Entered the Arena
 25149 | Swamp:4  | Received a gift from Okawaru
 25150 | Swamp:4  | Noticed a thorn hunter
 25159 | Swamp:4  | Killed a thorn hunter
 25184 | Swamp:4  | Received a gift from Okawaru
 25686 | Arena    | Entered the Arena
 26189 | Swamp:4  | Got a decaying rune of Zot
 27532 | Elf:1    | Entered Level 1 of the Elven Halls
 27559 | Elf:1    | Reached skill level 20 in Fighting
 27596 | Elf:1    | Paralysed by an air elemental for 1 turns
 27646 | Elf:1    | Reached skill level 15 in Shields
 28044 | Elf:1    | Received a gift from Okawaru
 28238 | Elf:1    | HP: 6/163 [deep elf zephyrmancer/bolt of lightning (26)]
 28240 | Elf:1    | Killed from afar by a deep elf zephyrmancer

Illustrated notes

Levels and vault maps discovered:
D:1:      lemuel_arrival_funnel, layout_loops_ring,
          ebering_ecumenical_altar_webs
D:2:      layout_basic, basic_altar, minmay_parallelograms
D:3:      layout_basic, chequers_mini_garden, solitary_fountain
D:4:      layout_loops_ring
D:5:      layout_basic, minmay_temple_entry_statues_pillars, uniq_blork_the_orc
D:6:      layout_basic, nicolae_overflow_crystal_walls, tgw_sif,
          kennysheep_mini, serial_shops, shop, uniq_duvessa
D:7:      layout_loops_ring, elyvilon_altar_4, amcnicky_altar_gilded,
          mainiacjoe_overflow_surrounded_room, uniq_maggie
D:8:      layout_basic
D:9:      layout_basic, mainiacjoe_overflow_six_doors_small,
          mainiacjoe_overflow_catwalk, due_lair_maze_entry_diamond
D:10:     layout_irregular_city, grunt_ministairs_14
D:11:     layout_irregular_city
D:12:     minmay_cut_squares, layout_basic, orc_0_dummy, serial_shops,
          nicolae_shop_trees
Lair:1:   layout_concentric_octagons, serial_bayou_shore_b, uniq_nergalle
Lair:2:   layout_regular_city, minmay_swamp_entry_reptiles,
          kennysheep_snail_temple
Lair:3:   layout_cave_pods, guppyfry_snake_entry_garden,
          portal_ice_cave_demonic_guard
Lair:4:   layout_roguey, serial_forest, infiniplex_forest_lined_1,
          infiniplex_forest_lined_2, infiniplex_forest_end_1,
          infiniplex_forest_end_1, infiniplex_forest_end_1,
          infiniplex_forest_lined_room_2, lemuel_fruit_tree
Lair:5:   minmay_lair_end_enchanted_forest, layout_regular_city, slime_entry_2,
          uniq_kirke
Swamp:1:  layout_basic_swamp, nicolae_swamp_little_tower, swamp_pool1
Swamp:2:  layout_falls_marsh, gammafunk_ghost_arena,
          evilmike_swamp_ruin_house_1, uniq_donald
Swamp:3:  layout_falls_marsh, evilmike_swamp_ruin_house_2, swamp_pool1
Swamp:4:  swamp_alternative, layout_basic_swamp
Orc:1:    nicolae_orc_accident_2, layout_caves, serial_shops
Orc:2:    st_orc_pillars, layout_caves, serial_shops, nicolae_square_shop,
          minmay_orc_temple_c
Elf:1:    minmay_elf_arrival_plus, layout_geoelf_diagonals,
          nicolae_trove_entry_crossroad, minivault_28, grunt_megastairs_5

Skill      XL: |  1  2  3  4  5  6  7  8  9 10 11 12 13 14 15 16 |
---------------+-------------------------------------------------+-----
Fighting       | 4 5 6 7 8 9 10 12 13 15 16 18 19 20 | 20.3
Armour         | 4 5 6 7 8 9 10 12 13 14 | 14.6
Invocations    | 1 2 3 4 5 7 8 9 10 12 | 12.0
Shields        | 4 5 6 7 8 9 10 11 13 15 | 15.2
Polearms       | 1 3 4 6 8 10 12 13 14 | 14.4
Throwing       | 3 5 7 8 9 |  9.4
Evocations     | 3 5 6 |  6.7
Axes           | |  2.4

Action                   |  1- 3 |  4- 6 |  7- 9 | 10-12 | 13-15 | 16-18 || total
-------------------------+-------+-------+-------+-------+-------+-------++-------
Melee: War axe           |    80 |    86 |       |       |       |       ||   166
       Headbutt          |    11 |    15 |    39 |   140 |   288 |    67 ||   560
       Trident           |       |    57 |   218 |   606 |   625 |       ||  1506
       Demon trident     |       |       |       |       |   765 |   232 ||   997
Throw: Javelin           |       |       |       |     1 |    16 |    10 ||    27
Invok: Finesse           |       |       |       |     1 |     5 |     4 ||    10
       Heroism           |       |       |       |     1 |     2 |       ||     3
       Duel              |       |       |       |       |       |     2 ||     2
Evoke: Wand              |       |       |     6 |     1 |       |       ||     7
       Lightning rod     |       |       |       |       |     4 |       ||     4
       Condenser vane    |       |       |       |       |       |     1 ||     1
  Use: Scroll            |       |     4 |     4 |     5 |    17 |     2 ||    32
       Potion            |       |       |     3 |     6 |     8 |     6 ||    23
 Stab: Petrified         |       |       |       |       |     9 |       ||     9
       Confused          |       |       |       |       |     1 |     1 ||     2
Armor: Scale mail        |    43 |     4 |       |       |       |       ||    47
       Chain mail        |       |    67 |    97 |    29 |       |       ||   193
       Plate armour      |       |       |       |   160 |    43 |       ||   203
       Crystal plate arm |       |       |       |       |   353 |   293 ||   646
Dodge: Dodged            |    38 |    18 |    39 |    55 |    44 |    28 ||   222
Block: Buckler           |    23 |     7 |       |       |       |       ||    30
       Tower shield      |       |    62 |   181 |   434 |   990 |   310 ||  1977

Table legend: (Time is in decaauts)
 A = Elapsed time spent in this place.
 B = Non-inter-level travel time spent in this place.
 C = Inter-level travel time spent in this place.
 D = Time resting spent in this place.
 E = Time spent auto-exploring this place.
 F = Levels seen in this place.
 G = Mean time per level.
                   A        B        C        D        E       F      G
               +--------+--------+--------+--------+--------+-----+--------+
         Total |  28350 |  27926 |    424 |   4704 |  16096 |  26 | 1090.4 |
       Dungeon |  10870 |  10767 |    103 |    471 |   7599 |  12 |  905.8 |
          Lair |   8364 |   8140 |    224 |    883 |   5150 |   5 | 1672.8 |
         Swamp |   5941 |   5894 |     47 |   2776 |   1952 |   4 | 1485.2 |
  Orcish Mines |   2777 |   2729 |     48 |    564 |   1315 |   2 | 1388.5 |
   Elven Halls |    371 |    371 |      0 |      0 |     79 |   1 |  371.0 |
         Arena |     24 |     24 |      0 |     10 |      0 |   2 |   12.0 |
               +--------+--------+--------+--------+--------+-----+--------+

Top non-repeatable levels by time:
 Swamp:3: 2590 daAuts
   Orc:2: 2043 daAuts
  Lair:1: 1797 daAuts
  Lair:2: 1691 daAuts
  Lair:5: 1682 daAuts
  Lair:3: 1673 daAuts
 Swamp:4: 1594 daAuts
  Lair:4: 1520 daAuts
     D:9: 1313 daAuts
     D:6: 1192 daAuts
 Swamp:1: 1090 daAuts
     D:5: 1013 daAuts
     D:3: 1005 daAuts
     D:7: 978 daAuts
     D:1: 919 daAuts
